SL
DETROIT RENAISSANCE @ FT. WORTH CATTLEMEN
08/25/2029
 
TOP OF THE 1ST
Detroit Renaissance batting - Pitching for Ft. Worth Cattlemen : RHP Dave Reed
Pitching: RHP Dave Reed
Batting: LHB Alexis Raimbault 0-0: Ground out U3 (Groundball, 34)
Batting: RHB Juan Cabrera 0-0: Foul Ball, location: 2F
0-1: Swinging Strike
0-2: Ball
1-2: Ground out 6-3 (Groundball, 6S)
Batting: LHB Bartolo Benítez 0-0: Ball
1-0: Ground out 6-3 (Groundball, 6)
Top of the 1st over - 0 runs, 0 hits, 0 errors, 0 left on base; Detroit 0 - Ft. Worth 0
BOTTOM OF THE 1ST
Ft. Worth Cattlemen batting - Pitching for Detroit Renaissance : RHP Javier Castillo
Pitching: RHP Javier Castillo
Batting: LHB Jesús Morales 0-0: Foul Ball, location: 2F
0-1: Ball
1-1: Ball
2-1: Ball
3-1: Called Strike
3-2: Foul Ball, location: 2F
3-2: Foul Ball, location: 2F
3-2: Base on Balls
Batting: LHB Chris Etheridge 0-0: Called Strike
Jesús Morales steals 2nd base
0-1: Ball
1-1: Ball
2-1: Ground out 6-3 (Groundball, 6)
Jesús Morales to third
Batting: RHB Bart Lewis 0-0: Ball
1-0: Ball
2-0: Ball
3-0: Base on Balls
Batting: LHB Rick Mayfield 0-0: SINGLE (Line Drive, 8RS)
Jesús Morales scores
Bart Lewis to second
Batting: RHB Gilberto Juárez 0-0: Fly out, F9 (Flyball, 9D)
Runner from 2nd tags up, SAFE at 3rd, no throw
Batting: SHB Javier Vázquez 0-0: Called Strike
0-1: Foul Ball, location: 2F
0-2: Ball
1-2: Ground out U3 (Groundball, 3)
Bottom of the 1st over - 1 run, 1 hit, 0 errors, 2 left on base; Detroit 0 - Ft. Worth 1
TOP OF THE 2ND
Detroit Renaissance batting - Pitching for Ft. Worth Cattlemen : RHP Dave Reed
Batting: LHB Yoichibei Sato 0-0: Called Strike
0-1: Ball
1-1: Ball
2-1: Ball
3-1: Base on Balls
Batting: RHB Quincy van Enk 0-0: Ball
1-0: Ball
2-0: Ball
3-0: Base on Balls
Yoichibei Sato to second
Batting: RHB Kenneth Noid 0-0: Ball
1-0: Grounds into double play, 4-6-3 (Groundball, 4)
Yoichibei Sato to third
Batting: RHB Sixto Estrada 0-0: Ball
1-0: Ball
2-0: Ball
3-0: Called Strike
3-1: Called Strike
3-2: Strikes out looking
Top of the 2nd over - 0 runs, 0 hits, 0 errors, 1 left on base; Detroit 0 - Ft. Worth 1
BOTTOM OF THE 2ND
Ft. Worth Cattlemen batting - Pitching for Detroit Renaissance : RHP Javier Castillo
Batting: LHB Nobuo Yamashita 0-0: Ball
1-0: Ball
2-0: Ball
3-0: Base on Balls
Batting: SHB Robby Day 0-0: Called Strike
0-1: Ball
1-1: Ball
2-1: Ball
3-1: Grounds into double play, 6-4-3 (Groundball, 6)
Batting: RHB Lloyd Alberink 0-0: Foul Ball, location: 2F
0-1: Foul Ball, location: 2F
0-2: Ball
1-2: Strikes out looking
Bottom of the 2nd over - 0 runs, 0 hits, 0 errors, 0 left on base; Detroit 0 - Ft. Worth 1
TOP OF THE 3RD
Detroit Renaissance batting - Pitching for Ft. Worth Cattlemen : RHP Dave Reed
Batting: RHB Takashi Miike 0-0: Ball
1-0: Ground out 6-3 (Groundball, 6)
Batting: RHB Eric D'Angle 0-0: Called Strike
0-1: Fly out, F8 (Flyball, 8RXD)
Batting: LHB Alexis Raimbault 0-0: Foul Ball, location: 2F
0-1: Fly out, F9 (Flyball, 9LMF)
Top of the 3rd over - 0 runs, 0 hits, 0 errors, 0 left on base; Detroit 0 - Ft. Worth 1
BOTTOM OF THE 3RD
Ft. Worth Cattlemen batting - Pitching for Detroit Renaissance : RHP Javier Castillo
Batting: LHB Jesús Morales 0-0: Ball
1-0: Fly out, F9 (Line Drive, 89M)
Batting: LHB Chris Etheridge 0-0: Ball
1-0: Foul Ball, location: 2F
1-1: Ball
2-1: SINGLE (Groundball, 4MD)
Batting: RHB Bart Lewis 0-0: Foul Ball, location: 2F
0-1: Ball
1-1: Called Strike
1-2: Foul Ball, location: 2F
1-2: Strikes out swinging
Batting: LHB Rick Mayfield 0-0: Ball
1-0: Called Strike
1-1: Swinging Strike
1-2: Foul Ball, location: 2F
1-2: Foul Ball, location: 2F
1-2: Ball
Chris Etheridge steals 2nd base
2-2: 2-RUN HOME RUN (Flyball, 9LD), Distance : 344 ft
Batting: RHB Gilberto Juárez 0-0: SOLO HOME RUN (Flyball, 78XD), Distance : 421 ft
Batting: SHB Javier Vázquez 0-0: Ball
1-0: Ball
2-0: Called Strike
2-1: Ball
3-1: Foul Ball, location: 2F
3-2: Fly out, F7 (Flyball, 7D)
Bottom of the 3rd over - 3 runs, 3 hits, 0 errors, 0 left on base; Detroit 0 - Ft. Worth 4
TOP OF THE 4TH
Detroit Renaissance batting - Pitching for Ft. Worth Cattlemen : RHP Dave Reed
Batting: RHB Juan Cabrera 0-0: Foul Ball, location: 2F
0-1: Swinging Strike
0-2: Fly out, F6 (Line Drive, 6)
Batting: LHB Bartolo Benítez 0-0: Ball
1-0: Fly out, F9 (Line Drive, 9D)
Batting: LHB Yoichibei Sato 0-0: Ball
1-0: Fly out, F9 (Flyball, 89S)
Top of the 4th over - 0 runs, 0 hits, 0 errors, 0 left on base; Detroit 0 - Ft. Worth 4
BOTTOM OF THE 4TH
Ft. Worth Cattlemen batting - Pitching for Detroit Renaissance : RHP Javier Castillo
Batting: LHB Nobuo Yamashita 0-0: Ball
1-0: Called Strike
1-1: Ball
2-1: Foul Ball, location: 2F
2-2: Strikes out looking
Batting: SHB Robby Day 0-0: Fly out, F9 (Flyball, 9D)
Batting: RHB Lloyd Alberink 0-0: Ball
1-0: Ball
2-0: Called Strike
2-1: Ground out 5-3 (Groundball, 56S)
Bottom of the 4th over - 0 runs, 0 hits, 0 errors, 0 left on base; Detroit 0 - Ft. Worth 4
TOP OF THE 5TH
Detroit Renaissance batting - Pitching for Ft. Worth Cattlemen : RHP Dave Reed
Batting: RHB Quincy van Enk 0-0: Ball
1-0: Swinging Strike
1-1: Ground out U3 (Groundball, 34S)
Batting: RHB Kenneth Noid 0-0: Called Strike
0-1: Ball
1-1: Ball
2-1: Ball
3-1: Base on Balls
Batting: RHB Sixto Estrada 0-0: Called Strike
0-1: Ball
1-1: Swinging Strike
1-2: Strikes out looking and he ARGUES THE CALL AND IS TOSSED!
Batting: RHB Takashi Miike 0-0: Ball
1-0: Ball
2-0: Fly out, F7 (Flyball, 7D)
Top of the 5th over - 0 runs, 0 hits, 0 errors, 1 left on base; Detroit 0 - Ft. Worth 4
BOTTOM OF THE 5TH
Ft. Worth Cattlemen batting - Pitching for Detroit Renaissance : RHP Javier Castillo
Now in CF: Eric Thackston
Batting: LHB Jesús Morales 0-0: Ground out 3-1 (Groundball, 23)
Batting: LHB Chris Etheridge 0-0: Swinging Strike
0-1: Ball
1-1: Foul Ball, location: 2F
1-2: Foul Ball, location: 2F
1-2: Ball
2-2: Strikes out looking
Batting: RHB Bart Lewis 0-0: Ball
1-0: Swinging Strike
1-1: SINGLE (Groundball, 34D)
Batting: LHB Rick Mayfield 0-0: Foul Ball, location: 2F
0-1: Ball
1-1: SINGLE (Line Drive, 56D)
Bart Lewis to second
Batting: RHB Gilberto Juárez 0-0: Ball
1-0: Foul Ball, location: 2F
1-1: Foul Ball, location: 2F
1-2: 3-RUN HOME RUN (Line Drive, 7D), Distance : 373 ft
Batting: SHB Javier Vázquez 0-0: Swinging Strike
0-1: Called Strike
0-2: Ball
1-2: Ball
2-2: Strikes out swinging
Bottom of the 5th over - 3 runs, 3 hits, 0 errors, 0 left on base; Detroit 0 - Ft. Worth 7
TOP OF THE 6TH
Detroit Renaissance batting - Pitching for Ft. Worth Cattlemen : RHP Enrique Cortéz
Pitching: RHP Enrique Cortéz
Batting: RHB Eric D'Angle 0-0: Called Strike
0-1: Ball
1-1: Ball
2-1: Ground out 1-5-3 (Groundball, 15S)
Batting: LHB Alexis Raimbault 0-0: Swinging Strike
0-1: Called Strike
0-2: Foul Ball, location: 2F
0-2: Strikes out looking
Batting: RHB Juan Cabrera 0-0: Foul Ball, location: 2F
0-1: Ball
1-1: Foul Ball, location: 2F
1-2: Ball
2-2: Ball
3-2: Strikes out swinging
Top of the 6th over - 0 runs, 0 hits, 0 errors, 0 left on base; Detroit 0 - Ft. Worth 7
BOTTOM OF THE 6TH
Ft. Worth Cattlemen batting - Pitching for Detroit Renaissance : RHP Javier Castillo
Batting: LHB Nobuo Yamashita 0-0: Called Strike
0-1: Ball
1-1: Fly out, F7 (Flyball, 7LMF)
Batting: SHB Robby Day 0-0: Called Strike
0-1: Ground out U3 (Groundball, 3)
Batting: RHB Lloyd Alberink 0-0: Ground out 4-3 (Groundball, 4S)
Bottom of the 6th over - 0 runs, 0 hits, 0 errors, 0 left on base; Detroit 0 - Ft. Worth 7
TOP OF THE 7TH
Detroit Renaissance batting - Pitching for Ft. Worth Cattlemen : RHP Enrique Cortéz
Batting: LHB Bartolo Benítez 0-0: Ball
1-0: Ball
2-0: Called Strike
2-1: Fly out, F7 (Flyball, 7LSF)
Batting: LHB Yoichibei Sato 0-0: SOLO HOME RUN (Flyball, 9D), Distance : 383 ft
Batting: RHB Quincy van Enk 0-0: Ball
1-0: Fly out, F5 (Line Drive, 5)
Batting: RHB Kenneth Noid 0-0: Ground out 5-3 (Groundball, 56)
Top of the 7th over - 1 run, 1 hit, 0 errors, 0 left on base; Detroit 1 - Ft. Worth 7
BOTTOM OF THE 7TH
Ft. Worth Cattlemen batting - Pitching for Detroit Renaissance : RHP Javier Castillo
Pitching: RHP José López
Batting: LHB Jesús Morales 0-0: SINGLE (Line Drive, 8LM)
Batting: LHB Chris Etheridge 0-0: Ball
1-0: Fly out, F7 (Flyball, 7)
Batting: RHB Bart Lewis 0-0: Foul Ball, location: 2F
0-1: Ball
1-1: SINGLE (Groundball, 34D)
Jesús Morales to second
Runner from 2nd tries for 3rd, SAFE, throw made to third
Batting: LHB Rick Mayfield 0-0: Foul Ball, location: 2F
0-1: Ball
1-1: Ball
2-1: 3-RUN HOME RUN (Flyball, 7LD), Distance : 357 ft
Batting: RHB Gilberto Juárez 0-0: Called Strike
0-1: Foul Ball, location: 2F
0-2: Foul Ball, location: 2F
0-2: Ball
1-2: SINGLE (Line Drive, 3D)
Batting: SHB Javier Vázquez 0-0: Swinging Strike
0-1: Ball
1-1: Ball
2-1: Called Strike
2-2: Strikes out looking
Batting: LHB Nobuo Yamashita 0-0: Called Strike
0-1: Ball
1-1: Ball
2-1: Foul Ball, location: 2F
2-2: Ball
3-2: Ground out 2-3 (Groundball, 2R)
Bottom of the 7th over - 3 runs, 4 hits, 0 errors, 1 left on base; Detroit 1 - Ft. Worth 10
TOP OF THE 8TH
Detroit Renaissance batting - Pitching for Ft. Worth Cattlemen : RHP Enrique Cortéz
Batting: LHB Eric Thackston 0-0: Ball
1-0: Ball
2-0: Ball
3-0: Base on Balls
Batting: RHB Takashi Miike 0-0: Foul Ball, location: 2F
0-1: Ball
1-1: Swinging Strike
1-2: DOUBLE (Flyball, 78D)
Eric Thackston to third
Batting: RHB Eric D'Angle 0-0: Ball
1-0: Called Strike
1-1: Fly out, F7 (Flyball, 7D)
Runner from 3rd tags up, SCORES, throw made
Batting: LHB Alexis Raimbault 0-0: SINGLE (Flyball, 8LS)
Takashi Miike to third
Runner from 3rd tries for Home, throw and OUT!
Batting: RHB Juan Cabrera 0-0: Fly out, F8 (Flyball, 8RD)
Top of the 8th over - 1 run, 2 hits, 0 errors, 1 left on base; Detroit 2 - Ft. Worth 10
BOTTOM OF THE 8TH
Ft. Worth Cattlemen batting - Pitching for Detroit Renaissance : RHP José López
Batting: SHB Robby Day 0-0: Ball
1-0: Ball
2-0: Foul Ball, location: 2F
2-1: Swinging Strike
2-2: Strikes out swinging
Batting: RHB Lloyd Alberink 0-0: Called Strike
0-1: Swinging Strike
0-2: Ball
1-2: Ball
2-2: Ball
3-2: Foul Ball, location: 2F
3-2: Foul Ball, location: 2F
3-2: Strikes out swinging
Batting: LHB Jesús Morales 0-0: Ball
1-0: SINGLE (Line Drive, 4D)
Batting: LHB Chris Etheridge 0-0: Ball
1-0: Ball
2-0: Ball
3-0: Base on Balls
Jesús Morales to second
Batting: RHB Bart Lewis 0-0: Ball
1-0: Ball
2-0: Called Strike
2-1: Called Strike
2-2: Ball
3-2: Strikes out swinging
Bottom of the 8th over - 0 runs, 1 hit, 0 errors, 2 left on base; Detroit 2 - Ft. Worth 10
TOP OF THE 9TH
Detroit Renaissance batting - Pitching for Ft. Worth Cattlemen : RHP Enrique Cortéz
Now in LF: Ryan Westlake
Batting: LHB Bartolo Benítez 0-0: Ball
1-0: Ball
2-0: Ball
3-0: Base on Balls
Batting: LHB Yoichibei Sato 0-0: Called Strike
0-1: Ground out 4-3 (Groundball, 4S)
Bartolo Benítez to second
Batting: RHB Quincy van Enk 0-0: Swinging Strike
0-1: Ball
1-1: Ball
2-1: Called Strike
2-2: Strikes out looking
Batting: RHB Kenneth Noid 0-0: Ball
1-0: Called Strike
1-1: Foul Ball, location: 2F
1-2: Fly out, F3 (Popup, 3DF)
Top of the 9th over - 0 runs, 0 hits, 0 errors, 1 left on base; Detroit 2 - Ft. Worth 10
Tuesday, December 19th, 2017 - OOTP Baseball 18.8 Build 76